APL (24 & UNDER)
MONTGOMERY GREY SOX @ EL PASO TEXANS
08/27/2027
 
TOP OF THE 1ST
Montgomery Grey Sox batting - Pitching for El Paso Texans : RHP George Floyd
Pitching: RHP George Floyd
Batting: RHB Frederick Curtis 0-0: Ball
1-0: Ball
2-0: Ball
3-0: Called Strike
3-1: Foul Ball, location: 2F
3-2: Fly out, F8 (Flyball, 8LM)
Batting: SHB Kenneth Cruz 0-0: Called Strike
0-1: Ball
1-1: Swinging Strike
1-2: Ball
2-2: Ball
3-2: Foul Ball, location: 2F
3-2: Base on Balls
Batting: RHB Bryant von Bohlen 0-0: Called Strike
0-1: Ball
1-1: Ball
2-1: Swinging Strike
2-2: Strikes out swinging
Batting: RHB Reinaldo Amarante 0-0: 2-RUN HOME RUN (Flyball, 9D), Distance : 405 ft
Batting: SHB Hoyt Norris 0-0: Ball
1-0: Foul Ball, location: 2F
1-1: Called Strike
1-2: Ball
2-2: Strikes out swinging
Top of the 1st over - 2 run(s), 1 hit(s), 0 error(s), 0 left on base; Montgomery 2 - El Paso 0
BOTTOM OF THE 1ST
El Paso Texans batting - Pitching for Montgomery Grey Sox : LHP Raúl Coranillo
Pitching: LHP Raúl Coranillo
Batting: RHB Domingo Morales 0-0: Ball
1-0: Ball
2-0: Called Strike
2-1: Foul Ball, location: 2F
2-2: Strikes out looking
Batting: RHB Cole Boehmer 0-0: Fly out, F3 (Popup, 34S)
Batting: LHB Michael Melton 0-0: Foul Ball, location: 2F
0-1: Swinging Strike
0-2: Ball
1-2: Ground out 4-3 (Groundball, 4)
Bottom of the 1st over - 0 run(s), 0 hit(s), 0 error(s), 0 left on base; Montgomery 2 - El Paso 0
TOP OF THE 2ND
Montgomery Grey Sox batting - Pitching for El Paso Texans : RHP George Floyd
Batting: RHB António Nevárez 0-0: Ground out 4-3 (Groundball, 4)
Batting: LHB Gilbert Stegall 0-0: Ball
1-0: Ball
2-0: SOLO HOME RUN (Flyball, 78XD), Distance : 429 ft
Batting: RHB Bradley Burns 0-0: Ball
1-0: Ball
2-0: Ball
3-0: Called Strike
3-1: Called Strike
3-2: DOUBLE (Flyball, 78XD)
Batting: RHB Luis Pineda 0-0: Called Strike
0-1: Swinging Strike
0-2: Strikes out swinging
Batting: RHB Frederick Curtis 0-0: Ball
1-0: Foul Ball, location: 2F
1-1: Ball
2-1: Ball
3-1: Called Strike
3-2: Ground out 6-3 (Groundball, 6)
Top of the 2nd over - 1 run(s), 2 hit(s), 0 error(s), 1 left on base; Montgomery 3 - El Paso 0
BOTTOM OF THE 2ND
El Paso Texans batting - Pitching for Montgomery Grey Sox : LHP Raúl Coranillo
Batting: RHB Javier Álvarez 0-0: SINGLE (Line Drive, 78S)
Batting: SHB Oliver Riley 0-0: Ball
1-0: Foul Ball, location: 2F
1-1: Ball
2-1: Foul Ball, location: 2F
2-2: Ball
3-2: Strikes out swinging
Batting: RHB John Wilson 0-0: Foul Ball, location: 2F
0-1: Ball
1-1: Ball
2-1: Ball
3-1: Fly out, F9 (Flyball, 9S)
Batting: RHB Marvin Johnson 0-0: Fielders Choice at 2nd, 6-4 (Groundball, 6)
Bottom of the 2nd over - 0 run(s), 1 hit(s), 0 error(s), 0 left on base; Montgomery 3 - El Paso 0
TOP OF THE 3RD
Montgomery Grey Sox batting - Pitching for El Paso Texans : RHP George Floyd
Batting: SHB Kenneth Cruz 0-0: Ball
1-0: Called Strike
1-1: Ball
2-1: SINGLE (Groundball, 34D)
Batting: RHB Bryant von Bohlen 0-0: Ball
Wild Pitch!
Kenneth Cruz to second
1-0: Foul Ball, location: 2F
1-1: Ball
2-1: Fly out, F6 (Line Drive, 6M)
Lined into DP, U6 (Line Drive, 6M)
Batting: RHB Reinaldo Amarante 0-0: Ball
1-0: Ball
2-0: Swinging Strike
2-1: Foul Ball, location: 2F
2-2: Foul Ball, location: 2F
2-2: Strikes out looking
Top of the 3rd over - 0 run(s), 1 hit(s), 0 error(s), 0 left on base; Montgomery 3 - El Paso 0
BOTTOM OF THE 3RD
El Paso Texans batting - Pitching for Montgomery Grey Sox : LHP Raúl Coranillo
Batting: RHB Wayne Carter 0-0: Called Strike
0-1: SINGLE (Line Drive, 8LS)
Batting: LHB William Foley 0-0: Called Strike
0-1: Foul Ball, location: 2F
0-2: Ball
1-2: Strikes out swinging
Batting: RHB Domingo Morales 0-0: Called Strike
0-1: Ball
1-1: Ball
2-1: Called Strike
2-2: Strikes out swinging
Batting: RHB Cole Boehmer 0-0: Ball
1-0: Foul Ball, location: 2F
1-1: SINGLE (Flyball, 9S)
Wayne Carter to second
Runner from 2nd tries for 3rd, SAFE, throw made to third
Batting: LHB Michael Melton 0-0: Called Strike
0-1: Ball
1-1: Ball
2-1: Ball
3-1: Swinging Strike
3-2: Strikes out swinging
Bottom of the 3rd over - 0 run(s), 2 hit(s), 0 error(s), 2 left on base; Montgomery 3 - El Paso 0
TOP OF THE 4TH
Montgomery Grey Sox batting - Pitching for El Paso Texans : RHP George Floyd
Batting: SHB Hoyt Norris 0-0: Called Strike
0-1: Ball
1-1: Foul Ball, location: 2F
1-2: Ball
2-2: Foul Ball, location: 2F
2-2: Strikes out looking
Batting: RHB António Nevárez 0-0: Ball
1-0: Called Strike
1-1: Ball
2-1: Called Strike
2-2: Strikes out swinging
Batting: LHB Gilbert Stegall 0-0: Ball
1-0: Called Strike
1-1: Ball
2-1: Ball
3-1: Base on Balls
Batting: RHB Bradley Burns 0-0: Ball
1-0: DOUBLE (Line Drive, 7LD)
Gilbert Stegall to third
Runner from 3rd tries for Home, SAFE, no throw
Batting: RHB Luis Pineda 0-0: Swinging Strike
0-1: Ball
1-1: Hit by Pitch
Batting: RHB Frederick Curtis 0-0: Called Strike
0-1: Ground out 5-3 (Groundball, 56)
Top of the 4th over - 1 run(s), 1 hit(s), 0 error(s), 2 left on base; Montgomery 4 - El Paso 0
BOTTOM OF THE 4TH
El Paso Texans batting - Pitching for Montgomery Grey Sox : LHP Raúl Coranillo
Batting: RHB Javier Álvarez 0-0: Ball
1-0: Foul Ball, location: 2F
1-1: Ball
2-1: Swinging Strike
2-2: Foul Ball, location: 2F
2-2: Ball
3-2: Strikes out swinging
Batting: SHB Oliver Riley 0-0: Ball
1-0: Swinging Strike
1-1: Called Strike
1-2: Ball
2-2: Foul Ball, location: 2F
2-2: Foul Ball, location: 2F
2-2: Fly out, F8 (Flyball, 8LS)
Batting: RHB John Wilson 0-0: Ball
1-0: Foul Ball, location: 2F
1-1: Ball
2-1: Called Strike
2-2: SINGLE (Line Drive, 9LS)
Batting: RHB Marvin Johnson 0-0: Called Strike
0-1: Ball
1-1: Called Strike
1-2: Ball
2-2: Fly out, F8 (Flyball, 78S)
Bottom of the 4th over - 0 run(s), 1 hit(s), 0 error(s), 1 left on base; Montgomery 4 - El Paso 0
TOP OF THE 5TH
Montgomery Grey Sox batting - Pitching for El Paso Texans : RHP George Floyd
Batting: SHB Kenneth Cruz 0-0: Ground out 3-1 (Groundball, 34)
Batting: RHB Bryant von Bohlen 0-0: Ball
1-0: Ball
2-0: Ball
3-0: Called Strike
3-1: Swinging Strike
3-2: Base on Balls
Pitching: RHP Firmino Orsi
Batting: RHB Reinaldo Amarante 0-0: Swinging Strike
0-1: SINGLE (Line Drive, 9S)
Bryant von Bohlen to second
Batting: SHB Hoyt Norris 0-0: Ball
1-0: Ball
2-0: Called Strike
2-1: Foul Ball, location: 2F
2-2: Ball
3-2: Fly out, F7 (Line Drive, 7)
Batting: RHB António Nevárez 0-0: Ball
1-0: Ball
2-0: Foul Ball, location: 2F
2-1: Swinging Strike
2-2: Ball
3-2: Strikes out swinging
Top of the 5th over - 0 run(s), 1 hit(s), 0 error(s), 2 left on base; Montgomery 4 - El Paso 0
BOTTOM OF THE 5TH
El Paso Texans batting - Pitching for Montgomery Grey Sox : LHP Raúl Coranillo
Batting: RHB Wayne Carter 0-0: Ball
1-0: Called Strike
1-1: Foul Ball, location: 2F
1-2: Strikes out swinging
Batting: LHB William Foley 0-0: Called Strike
0-1: Swinging Strike
0-2: Ball
1-2: Strikes out looking
Batting: RHB Domingo Morales 0-0: Ball
1-0: Ball
2-0: Ball
3-0: Foul Ball, location: 2F
3-1: Base on Balls
Batting: RHB Cole Boehmer 0-0: Ball
1-0: Ball
2-0: Ball
3-0: Called Strike
3-1: Base on Balls
Domingo Morales to second
Pitching: RHP Cody Nichols
Batting: LHB Michael Melton 0-0: Ball
1-0: Ball
2-0: Foul Ball, location: 2F
2-1: Swinging Strike
2-2: Foul Ball, location: 2F
2-2: Strikes out swinging
Bottom of the 5th over - 0 run(s), 0 hit(s), 0 error(s), 2 left on base; Montgomery 4 - El Paso 0
TOP OF THE 6TH
Montgomery Grey Sox batting - Pitching for El Paso Texans : RHP Firmino Orsi
Batting: LHB Gilbert Stegall 0-0: Ball
1-0: Ground out 4-3 (Groundball, 4)
Batting: RHB Bradley Burns 0-0: Ball
1-0: Swinging Strike
1-1: Foul Ball, location: 2F
1-2: Foul Ball, location: 2F
1-2: Ball
2-2: Ball
3-2: Base on Balls
Batting: RHB Luis Pineda 0-0: Called Strike
0-1: Ball
1-1: Ball
2-1: Ball
3-1: Base on Balls
Bradley Burns to second
Batting: RHB Frederick Curtis 0-0: Ball
1-0: Grounds into double play, 6-4-3 (Groundball, 6)
Top of the 6th over - 0 run(s), 0 hit(s), 0 error(s), 1 left on base; Montgomery 4 - El Paso 0
BOTTOM OF THE 6TH
El Paso Texans batting - Pitching for Montgomery Grey Sox : RHP Cody Nichols
Batting: RHB Javier Álvarez 0-0: Ball
1-0: Ball
2-0: Foul Ball, location: 2F
2-1: Ball
3-1: Called Strike
3-2: Foul Ball, location: 2F
3-2: Ground out 6-3 (Groundball, 6)
Batting: SHB Oliver Riley 0-0: Ball
1-0: SINGLE (Groundball, 34D)
Batting: RHB John Wilson 0-0: Ball
1-0: Ball
2-0: Called Strike
2-1: Ball
3-1: Foul Ball, location: 2F
3-2: Fly out, F9 (Line Drive, 9)
Batting: RHB Marvin Johnson 0-0: Ground out 4-3 (Groundball, 4S)
Bottom of the 6th over - 0 run(s), 1 hit(s), 0 error(s), 1 left on base; Montgomery 4 - El Paso 0
TOP OF THE 7TH
Montgomery Grey Sox batting - Pitching for El Paso Texans : RHP Firmino Orsi
Batting: SHB Kenneth Cruz 0-0: Ball
1-0: Called Strike
1-1: Ball
2-1: Swinging Strike
2-2: Strikes out swinging
Batting: RHB Bryant von Bohlen 0-0: Ground out 4-3 (Groundball, 4)
Batting: RHB Reinaldo Amarante 0-0: Foul Ball, location: 2F
0-1: Ball
1-1: Swinging Strike
1-2: Strikes out swinging
Top of the 7th over - 0 run(s), 0 hit(s), 0 error(s), 0 left on base; Montgomery 4 - El Paso 0
BOTTOM OF THE 7TH
El Paso Texans batting - Pitching for Montgomery Grey Sox : RHP Cody Nichols
Batting: RHB Wayne Carter 0-0: Called Strike
0-1: Ball
1-1: Called Strike
1-2: Ball
2-2: Strikes out swinging
Batting: LHB William Foley 0-0: Ball
1-0: Foul Ball, location: 2F
1-1: Swinging Strike
1-2: Strikes out swinging
Batting: RHB Domingo Morales 0-0: Foul Ball, location: 2F
0-1: Called Strike
0-2: Strikes out swinging
Bottom of the 7th over - 0 run(s), 0 hit(s), 0 error(s), 0 left on base; Montgomery 4 - El Paso 0
TOP OF THE 8TH
Montgomery Grey Sox batting - Pitching for El Paso Texans : RHP Firmino Orsi
Batting: SHB Hoyt Norris 0-0: Ball
1-0: Ball
2-0: Called Strike
2-1: Ball
3-1: Base on Balls
Batting: RHB António Nevárez 0-0: Ball
1-0: Bunted foul
1-1: Sac Bunt - play at first, batter OUT! 1-4
Hoyt Norris to second
Batting: LHB Gilbert Stegall 0-0: Intentional Walk
Pitching: RHP Ralph Miller
Batting: RHB Bradley Burns 0-0: Fly out, F9 (Flyball, 9S)
Batting: RHB Luis Pineda 0-0: Ball
1-0: Foul Ball, location: 2F
1-1: Foul Ball, location: 2F
1-2: Strikes out looking
Top of the 8th over - 0 run(s), 0 hit(s), 0 error(s), 2 left on base; Montgomery 4 - El Paso 0
BOTTOM OF THE 8TH
El Paso Texans batting - Pitching for Montgomery Grey Sox : RHP Cody Nichols
Batting: RHB Cole Boehmer 0-0: Ball
1-0: Swinging Strike
1-1: Swinging Strike
1-2: Ball
2-2: Fly out, F8 (Flyball, 8RS)
Batting: LHB Michael Melton 0-0: Swinging Strike
0-1: Ball
1-1: Ball
2-1: Ball
3-1: Foul Ball, location: 2F
3-2: Foul Ball, location: 2F
3-2: Foul Ball, location: 2F
3-2: Ground out 4-3 (Groundball, 4)
Batting: RHB Javier Álvarez 0-0: Called Strike
0-1: Called Strike
0-2: Ball
1-2: Foul Ball, location: 2F
1-2: Ball
2-2: Ground out 6-3 (Groundball, 6)
Bottom of the 8th over - 0 run(s), 0 hit(s), 0 error(s), 0 left on base; Montgomery 4 - El Paso 0
TOP OF THE 9TH
Montgomery Grey Sox batting - Pitching for El Paso Texans : RHP Ralph Miller
Batting: RHB Frederick Curtis 0-0: Ball
1-0: DOUBLE (Flyball, 78M)
Batting: SHB Kenneth Cruz 0-0: Ball
1-0: Fly out, F3 (Popup, 3D)
Batting: RHB Bryant von Bohlen 0-0: Intentional Walk
Batting: RHB Reinaldo Amarante 0-0: Called Strike
0-1: Called Strike
0-2: Ball
1-2: Strikes out swinging
Batting: SHB Hoyt Norris 0-0: Ball
1-0: Foul Ball, location: 2F
1-1: Foul Ball, location: 2F
1-2: Ball
2-2: Ball
3-2: Foul Ball, location: 2F
3-2: Strikes out swinging
Top of the 9th over - 0 run(s), 1 hit(s), 0 error(s), 2 left on base; Montgomery 4 - El Paso 0
BOTTOM OF THE 9TH
El Paso Texans batting - Pitching for Montgomery Grey Sox : RHP Cody Nichols
Pitching: RHP Enrique Boyd
Batting: SHB Oliver Riley 0-0: Swinging Strike
0-1: Swinging Strike
0-2: Ball
1-2: Fly out, F8 (Flyball, 8RM)
Batting: RHB John Wilson 0-0: Ball
1-0: Fly out, F9 (Flyball, 89M)
Batting: RHB Marvin Johnson 0-0: Called Strike
0-1: Ball
1-1: Called Strike
1-2: Strikes out swinging
Bottom of the 9th over - 0 run(s), 0 hit(s), 0 error(s), 0 left on base; Montgomery 4 - El Paso 0
Thursday, March 30th, 2017 - OOTP Baseball 17.12 Build 75